 Dungeon Crawl Stone Soup version 0.17.0-23-g0de4337 (console) character file.

541989 Garrluk the Metallomancer (level 24, -1/163 HPs)
             Began as a Grey Draconian Conjurer on Nov 13, 2015.
             Was the Champion of Vehumet.
             Killed from afar by a Hell Sentinel (50 damage)
             ... with an iron shot
             ... on level 4 of the Abyss on Nov 14, 2015.
             The game lasted 05:01:15 (66109 turns).

Garrluk the Metallomancer (DrCj)                   Turns: 66109, Time: 05:01:15

Health: -1/163     AC: 25    Str: 12    XL:     24   Next: 17%
Magic:  20/49      EV: 12    Int: 32    God:    Vehumet [******]
Gold:   4633       SH:  0    Dex: 11    Spells: 11 memorised, 21 levels left

rFire  . . .     SeeInvis +     a - +8 autumn katana {slice, Clar}
rCold  + . .     Clarity  +     (armour unavailable)
rNeg   . . .     SustAt   .     (no shield)
rPois  +         Gourm    .     (helmet restricted)
rElec  .         Spirit   .     v - +2 cloak {rC+}
rCorr  .         Warding  .     X - +1 pair of gloves
rMut   +         Stasis   .     K - +2 pair of boots of the Crypt {Int+6}
MR     +++++                    O - amulet of resist mutation
Stlth  +++.......               I - ring of the Mage {Wiz MR++ Int+3}
                                R - ring of Moderation {*Confuse rPois MR+++ SInv Stlth+}

@: about to teleport, almost entirely resistant to hostile enchantments, fairly
stealthy
A: walk through water, unfitting armour, clumsy 2, frail 2, unbreathing,
cold-blooded, AC +17
a: Renounce Religion
}: 4/15 runes: serpentine, barnacled, silver, abyssal


You were on level 4 of the Abyss.
You worshipped Vehumet.
Vehumet was exalted by your worship.
You were not hungry.

You visited 9 branches of the dungeon, and saw 47 of its levels.
You visited the Abyss 1 time.
You visited 1 bazaar.
You also visited: Labyrinth, Sewer and Ice Cave.

You collected 7244 gold pieces.
You spent 2611 gold pieces at shops.

Notes
Turn   | Place    | Note
--------------------------------------------------------------
     0 | D:1      | Garrluk the Draconian Conjurer began the quest for the Orb.
     0 | D:1      | Reached XP level 1. HP: 14/14 MP: 3/3
   256 | D:1      | Reached XP level 2. HP: 20/20 MP: 0/5
   574 | D:1      | Learned a level 2 spell: Searing Ray
   817 | D:2      | Reached XP level 3. HP: 26/26 MP: 0/6
   934 | D:2      | Noticed Terence
   978 | D:2      | Killed Terence
   978 | D:2      | Reached skill level 5 in Conjurations
  1067 | D:2      | Noticed Natasha
  1105 | D:2      | Killed Natasha
  1105 | D:2      | Reached XP level 4. HP: 26/33 MP: 1/8
  1184 | D:2      | Noticed Natasha
  1189 | D:2      | Killed Natasha
  1433 | D:2      | Noticed Natasha
  1433 | D:2      | Killed Natasha
  1505 | D:2      | Found a shattered altar of Ashenzari.
  1505 | D:2      | Found a white marble altar of Elyvilon.
  2091 | D:3      | Reached XP level 5. HP: 38/38 MP: 9/9
  2162 | D:4      | Noticed Pr0man's ghost (amateur DsAK)
  2203 | D:3      | Reached skill level 6 in Conjurations
  2699 | D:3      | Found a basalt altar of Yredelemnul.
  3079 | D:5      | Entered Level 5 of the Dungeon
  3079 | D:5      | Noticed Ohli's ghost (novice OpBe)
  3081 | D:5      | Reached XP level 6. HP: 45/45 MP: 11/11
  3134 | D:5      | Killed Ohli's ghost
  3134 | D:5      | Reached skill level 7 in Conjurations
  3134 | D:5      | Your scales start taking on a dull iron-grey colour.
  3134 | D:5      | Gained mutation: You can survive without breathing. [Grey Draconian growth]
  3134 | D:5      | Reached XP level 7. HP: 27/50 MP: 9/14
  3149 | D:5      | Learned a level 4 spell: Iskenderun's Mystic Blast
  3341 | D:5      | Found an ancient bone altar of Kikubaaqudgha.
  3343 | D:5      | Noticed a sky beast
  3364 | D:5      | Killed a sky beast
  3417 | D:5      | Reached skill level 8 in Conjurations
  3470 | D:5      | Reached skill level 5 in Spellcasting
  3757 | D:5      | Found a glowing drain.
  3765 | Sewer    | Entered a sewer
  3827 | Sewer    | Noticed Pr0man's ghost (amateur GrIE)
  3884 | Sewer    | Killed Pr0man's ghost
  3884 | Sewer    | Reached XP level 8. HP: 34/57 MP: 6/16
  4009 | Sewer    | Reached skill level 9 in Conjurations
  4038 | Sewer    | Found a white marble altar of Elyvilon.
  4810 | D:6      | Found a staircase to the Ecumenical Temple.
  4819 | Temple   | Entered the Ecumenical Temple
  4909 | D:6      | Reached skill level 10 in Conjurations
  5047 | D:6      | Found a shadowy altar of Dithmenos.
  5050 | D:6      | Found a radiant altar of Vehumet.
  5055 | D:6      | Became a worshipper of Vehumet
  5123 | D:7      | Noticed Joseph
  5123 | D:7      | Noticed Prince Ribbit
  5123 | D:7      | Noticed a troll
  5225 | D:7      | Reached XP level 9. HP: 43/62 MP: 18/18
  5349 | D:7      | Learned a level 5 spell: Iskenderun's Battlesphere
  5467 | D:7      | Killed Prince Ribbit
  5467 | D:7      | Reached skill level 11 in Conjurations
  5616 | D:8      | Reached * piety under Vehumet
  5616 | D:8      | Offered knowledge of Shock by Vehumet.
  5795 | D:8      | Found a bloodstained altar of Trog.
  5820 | D:8      | Killed Joseph
  6175 | D:8      | Reached skill level 12 in Conjurations
  6484 | D:8      | Noticed Starve's ghost (novice MfNe)
  6525 | D:8      | Killed Starve's ghost
  6525 | D:8      | Offered knowledge of Sandblast by Vehumet.
  6525 | D:8      | Reached skill level 1 in Charms
  6525 | D:8      | Reached XP level 10. HP: 31/69 MP: 8/21
  6530 | D:8      | Learned a level 1 spell: Sandblast
  6602 | D:8      | Reached ** piety under Vehumet
  6607 | D:8      | Found a glowing golden altar of the Shining One.
  6738 | D:8      | Reached skill level 1 in Earth Magic
  7848 | D:9      | Found Noits's Magic Scroll Boutique.
  7992 | D:10     | Entered Level 10 of the Dungeon
  8150 | D:10     | Found an iron altar of Okawaru.
  8210 | D:10     | Offered knowledge of Throw Frost by Vehumet.
  8402 | D:10     | Reached *** piety under Vehumet
  8418 | D:10     | Reached skill level 5 in Earth Magic
  8473 | D:10     | Found a staircase to the Orcish Mines.
  8602 | D:10     | Offered knowledge of Mephitic Cloud by Vehumet.
  8613 | D:10     | Learned a level 3 spell: Mephitic Cloud
  9186 | D:11     | Found a burning altar of Makhleb.
  9248 | D:11     | Reached **** piety under Vehumet
  9275 | D:11     | Offered knowledge of Airstrike by Vehumet.
  9288 | D:11     | Reached XP level 11. HP: 74/74 MP: 19/23
  9291 | D:11     | Found a labyrinth entrance.
  9314 | D:11     | Killed an unseen horror
  9325 | Lab      | Entered a labyrinth
  9907 | Lab      | Noticed a minotaur
  9939 | Lab      | HP: 2/74 [minotaur/long sword of electrocution (11)]
  9946 | Lab      | Killed a minotaur
  9989 | Lab      | Identified the Tome of Malediction and Confrontation
  9990 | Lab      | Got a polished rapier
  9991 | Lab      | Identified the +1 rapier of Higg {holy, *Rage rElec Dex+3} (You found it in a labyrinth)
 10366 | D:11     | Noticed a hill giant
 10447 | D:11     | Killed a hill giant
 10447 | D:11     | Reached skill level 5 in Charms
 10833 | D:11     | Noticed a hill giant
 10868 | D:12     | Noticed a hill giant
 10875 | D:12     | Killed a hill giant
 11036 | D:11     | Found a staircase to the Lair.
 11051 | Lair:1   | Entered Level 1 of the Lair of Beasts
 11365 | Lair:1   | Reached skill level 10 in Earth Magic
 11747 | Lair:1   | Reached ***** piety under Vehumet
 11747 | Lair:1   | Offered knowledge of Conjure Ball Lightning by Vehumet.
 12059 | Lair:2   | Noticed a four-headed hydra
 12269 | Lair:2   | Reached skill level 10 in Spellcasting
 12688 | Lair:2   | Reached XP level 12. HP: 81/81 MP: 12/26
 12837 | Lair:2   | Killed a four-headed hydra
 13231 | Lair:3   | Found a staircase to the Shoals.
 13538 | Lair:3   | Found a staircase to the Snake Pit.
 13610 | Lair:3   | Noticed a five-headed hydra
 13622 | Lair:3   | Killed a five-headed hydra
 14032 | Lair:3   | Reached skill level 13 in Earth Magic
 14886 | Lair:4   | Offered knowledge of Ozocubu's Refrigeration by Vehumet.
 14955 | Lair:4   | Noticed Josephine
 14963 | Lair:4   | Killed Josephine
 15098 | Lair:4   | Reached XP level 13. HP: 66/86 MP: 4/27
 15503 | Lair:1   | Learned a level 5 spell: Fireball
 15510 | Lair:1   | Learned a level 6 spell: Haste
 15581 | Lair:4   | Reached skill level 14 in Earth Magic
 15661 | Lair:4   | Noticed Harold
 15668 | Lair:4   | Killed Harold
 16520 | Lair:5   | Learned a level 2 spell: Stoneskin
 17602 | Lair:6   | Offered knowledge of Lee's Rapid Deconstruction by Vehumet.
 17604 | Lair:6   | Reached skill level 15 in Earth Magic
 17676 | Lair:6   | Learned a level 6 spell: Statue Form
 17816 | Lair:6   | Got a sparkling copper ring
 17855 | Lair:6   | Identified the ring of Moderation {*Confuse rPois MR+++ SInv Stlth+} (You found it on level 6 of the Lair of Beasts)
 18632 | Lair:8   | Entered Level 8 of the Lair of Beasts
 20322 | Lair:7   | Reached skill level 16 in Earth Magic
 20322 | Lair:7   | Reached XP level 14. HP: 64/93 MP: 3/29
 21247 | D:11     | Killed a hill giant
 21666 | D:12     | Noticed an unseen horror
 21666 | D:12     | Noticed an unseen horror
 22144 | D:12     | Killed an unseen horror
 22304 | D:12     | Killed an unseen horror
 22310 | D:12     | Reached skill level 10 in Charms
 22390 | D:12     | Offered knowledge of Iron Shot by Vehumet.
 22406 | D:12     | Learned a level 6 spell: Iron Shot
 23174 | Lair:8   | Found a staircase to the Slime Pits.
 23584 | Lair:8   | Reached skill level 17 in Earth Magic
 24484 | Lair:8   | Identified a +5 rod of clouds (10/10) (You found it on level 8 of the Lair of Beasts)
 24922 | D:13     | Offered knowledge of Poison Arrow by Vehumet.
 25154 | D:13     | Found a gate to the Vaults.
 25502 | D:13     | Identified a scroll of acquirement
 25540 | D:13     | Reached XP level 15. HP: 99/99 MP: 31/31
 26107 | D:10     | Noticed serq's ghost (journeyman MfGl)
 26124 | D:10     | Killed serq's ghost
 26160 | Orc:1    | Entered Level 1 of the Orcish Mines
 26750 | Orc:1    | Found an iron altar of Okawaru.
 27075 | Orc:3    | Found a staircase to the Elven Halls.
 27190 | Orc:3    | Found a roughly hewn altar of Beogh.
 27716 | Orc:4    | Entered Level 4 of the Orcish Mines
 27826 | Orc:4    | Found Doatuyfi's Jewellery Boutique.
 27840 | Orc:4    | Offered knowledge of Spellforged Servitor by Vehumet.
 28154 | Orc:4    | Noticed Snorg
 28534 | Orc:4    | Reached skill level 18 in Earth Magic
 28766 | Orc:4    | Killed Snorg
 29586 | Orc:4    | Found Ragridwo's General Store.
 29589 | Orc:4    | Found Amyos's Antique Weapon Emporium.
 29590 | Orc:4    | Found Buly's Jewellery Emporium.
 29591 | Orc:4    | Found Umoff's Jewellery Shoppe.
 29601 | Orc:4    | Bought a brightly glowing scimitar for 324 gold pieces
 29601 | Orc:4    | Identified the +0 scimitar "Qahenasch" {speed, rF- rC+ Stlth+} (You bought it in a shop on level 4 of the Orcish Mines)
 29692 | Orc:4    | Bought an uncursed amulet of resist mutation for 480 gold pieces
 29692 | Orc:4    | Bought an uncursed amulet of resist corrosion for 240 gold pieces
 30007 | Snake:1  | Entered Level 1 of the Snake Pit
 30034 | Lair:3   | HP: 4/99 [poisoned by a black mamba]
 30276 | D:14     | Reached ****** piety under Vehumet
 30467 | D:14     | Noticed Agnes
 30853 | D:14     | Noticed Azrael
 30863 | D:14     | Killed Azrael
 31638 | D:14     | Killed Agnes
 31993 | D:14     | Noticed Louise
 32005 | D:14     | Killed Louise
 32065 | D:14     | Offered knowledge of Freezing Cloud by Vehumet.
 32099 | D:14     | Found Kytri's Magic Scroll Shop.
 32102 | D:14     | Bought a scroll of blinking for 105 gold pieces
 32102 | D:14     | Bought a scroll of holy word for 105 gold pieces
 32102 | D:14     | Bought a scroll of fog for 28 gold pieces
 32102 | D:14     | Bought a scroll of fear for 49 gold pieces
 32130 | D:14     | Found a shattered altar of Ashenzari.
 32385 | D:15     | Entered Level 15 of the Dungeon
 32415 | D:15     | Found an opulent altar of Gozag.
 32786 | D:14     | Reached skill level 19 in Earth Magic
 33290 | D:15     | Found a staircase to the Depths.
 33719 | D:15     | Reached XP level 16. HP: 90/105 MP: 24/33
 34016 | D:15     | Learned a level 3 spell: Regeneration
 34428 | Orc:4    | Bought the +8 autumn katana {slice, Clar} for 626 gold pieces
 34675 | Lair:1   | Learned a level 6 spell: Deflect Missiles
 34737 | Shoals:1 | Entered Level 1 of the Shoals
 36146 | Shoals:1 | Offered knowledge of Fire Storm by Vehumet.
 36146 | Shoals:1 | Offered knowledge of Shatter by Vehumet.
 36146 | Shoals:1 | Offered knowledge of Tornado by Vehumet.
 36680 | Shoals:2 | Found a flickering gateway to a bazaar.
 36685 | Bazaar   | Entered a bazaar
 36685 | Bazaar   | Found Kuycvad's Weapon Shoppe.
 36685 | Bazaar   | Found Utaner's Armour Emporium.
 36772 | Shoals:2 | Reached skill level 20 in Earth Magic
 36782 | Shoals:2 | Found Juahob's Assorted Antiques.
 36792 | Shoals:2 | Bought a potion of curing for 99 gold pieces
 36792 | Shoals:2 | Bought a potion of heal wounds for 165 gold pieces
 36807 | Shoals:2 | Found Tusk's Distillery.
 36813 | Shoals:2 | Got a pair of warped boots
 36826 | Shoals:2 | Identified the +2 pair of boots of the Crypt {Int+6} (You acquired it on level 2 of the Shoals)
 36838 | Shoals:2 | Bought a potion of curing for 36 gold pieces
 36838 | Shoals:2 | Bought a potion of haste for 120 gold pieces
 36838 | Shoals:2 | Bought a potion of curing for 36 gold pieces
 36952 | Shoals:2 | Found Ziremedu's Book Shoppe.
 38214 | Shoals:3 | Noticed Kirke
 38640 | Shoals:3 | Killed Kirke
 39119 | Shoals:4 | Entered Level 4 of the Shoals
 39170 | Shoals:4 | Noticed Ilsuiw
 39289 | Shoals:4 | Reached XP level 17. HP: 111/111 MP: 30/35
 39662 | Shoals:4 | Learned a level 9 spell: Shatter
 39761 | Shoals:4 | Reached skill level 15 in Spellcasting
 39896 | Shoals:4 | Killed Ilsuiw
 39896 | Shoals:4 | Reached skill level 21 in Earth Magic
 40231 | Shoals:4 | Reached skill level 1 in Long Blades
 40460 | Shoals:4 | Got a barnacled rune of Zot
 40744 | Elf:1    | Entered Level 1 of the Elven Halls
 41419 | Elf:1    | Identified the Grimoire of Clay
 41760 | Elf:2    | Found Beyhula's General Store.
 41764 | Elf:2    | Bought a potion of heal wounds for 75 gold pieces
 41764 | Elf:2    | Bought a potion of heal wounds for 75 gold pieces
 41800 | Elf:2    | Found Ajoengus's General Store.
 41812 | Elf:2    | Bought a potion of curing for 48 gold pieces
 41828 | Elf:2    | Found Tiuthroh's Antique Armour Shoppe.
 41860 | Elf:2    | Found Obylaaf's Armour Shop.
 41935 | Elf:2    | Found a huge runed gate.
 41937 | Elf:2    | Found a huge runed gate.
 41937 | Elf:2    | Found a huge runed gate.
 41938 | Elf:2    | Found a huge runed gate.
 41938 | Elf:2    | Found a huge runed gate.
 42922 | Elf:2    | Reached skill level 22 in Earth Magic
 43323 | Elf:3    | Entered Level 3 of the Elven Halls
 43582 | Elf:3    | Found Wonauceam's Antique Armour Shop.
 43597 | Elf:3    | Reached XP level 18. HP: 117/117 MP: 38/38
 43663 | Elf:3    | Reached skill level 5 in Long Blades
 44054 | Elf:3    | Got a fine amber ring
 44099 | Elf:3    | Identified the ring "Sophad" {Fire Str+2} (You took it off a deep elf high priest on level 3 of the Elven Halls)
 44204 | Elf:3    | Got a transparent quarterstaff
 44205 | Elf:3    | Identified the +4 quarterstaff "Hinwu" {distort, rElec MP+9 Int-4 Dex+3} (You found it on level 3 of the Elven Halls)
 44291 | Elf:3    | Identified a +2 rod of destruction (11/11) (You took it off a deep elf death mage on level 3 of the Elven Halls)
 44294 | Elf:3    | Got a crystal dagger {drain}
 44295 | Elf:3    | Identified the +9 dagger of Havoc {drain, Dex+2} (You took it off a deep elf death mage on level 3 of the Elven Halls)
 44346 | Elf:3    | Identified the Grimoire of Lethal Enchantment
 44351 | Elf:3    | Got a smoking blowgun
 44352 | Elf:3    | Identified the +8 blowgun "Behum" {speed, MR+ SInv} (You found it on level 3 of the Elven Halls)
 44357 | Elf:3    | Got a faintly glowing blowgun
 44358 | Elf:3    | Identified the +4 blowgun "Macvelial" {speed, rElec rF- MR++} (You found it on level 3 of the Elven Halls)
 44989 | Snake:1  | Reached skill level 23 in Earth Magic
 45409 | Snake:1  | Identified the Catalogue of Supportive Confrontation (You found it on level 1 of the Snake Pit)
 46049 | Snake:2  | Found a frozen archway.
 46057 | IceCv    | Entered an ice cave
 46612 | IceCv    | Reached XP level 19. HP: 69/123 MP: 37/40
 46865 | IceCv    | Got a shimmering hand axe
 46866 | IceCv    | Identified the +0 hand axe "Zov Venoo" {speed, rN+ MR+ Str-3} (You found it in an ice cave)
 47280 | Snake:2  | Reached skill level 1 in Fighting
 47796 | Snake:2  | Found Niom Ibb's Book Shop.
 49051 | Snake:4  | Entered Level 4 of the Snake Pit
 49369 | Snake:4  | Reached skill level 5 in Fighting
 50239 | Snake:4  | Reached XP level 20. HP: 120/149 MP: 40/42
 50377 | Snake:4  | Got a serpentine rune of Zot
 50929 | Vaults:1 | Entered Level 1 of the Vaults
 51346 | Vaults:1 | Reached skill level 10 in Long Blades
 53608 | Vaults:2 | Found Wibubb's Food Emporium.
 53814 | Vaults:3 | Found a staircase to the Crypt.
 54821 | Vaults:3 | Noticed Nikola
 54830 | Vaults:3 | Killed Nikola
 55221 | Vaults:4 | Reached XP level 21. HP: 125/167 MP: 37/44
 55278 | Vaults:4 | Reached skill level 10 in Fighting
 56261 | Vaults:5 | Entered Level 5 of the Vaults
 56268 | Vaults:5 | Reached skill level 1 in Fire Magic
 56728 | Vaults:5 | Reached XP level 22. HP: 98/181 MP: 8/46
 56981 | Vaults:5 | Got a scorched cloak
 56992 | Vaults:5 | Identified the +2 cloak of Beizekk {-Tele rN+ Str+4 Slay+4} (You found it on level 5 of the Vaults)
 57057 | Vaults:5 | Reached skill level 5 in Fire Magic
 57076 | Vaults:5 | Noticed an ancient lich
 57078 | Vaults:5 | Killed an ancient lich
 57222 | Vaults:5 | Got a silver rune of Zot
 57470 | Vaults:5 | Got a slimy long sword
 57471 | Vaults:5 | Identified the +10 long sword of Dissolution {drain, *Rage +Inv rC- Int+2} (You found it on level 5 of the Vaults)
 57503 | Vaults:5 | Identified Ycannak's Handbook of the Glacier
 57679 | Vaults:5 | Got an encrusted shortbow
 57680 | Vaults:5 | Identified the +11 shortbow "Xaditec" {flame, rN+++ MP+9 Str+3 Int+4} (You took it off a vault warden on level 5 of the Vaults)
 57830 | Vaults:5 | Got an ebony shortbow
 57831 | Vaults:5 | Identified the cursed +1 shortbow of the Beginning {velocity, rPois} (You found it on level 5 of the Vaults)
 57981 | Vaults:4 | Reached skill level 15 in Conjurations
 58376 | Lair:1   | Learned a level 1 spell: Apportation
 58379 | Lair:1   | Learned a level 2 spell: Blink
 58708 | Crypt:1  | Entered Level 1 of the Crypt
 60919 | Crypt:2  | Reached XP level 23. HP: 55/192 MP: 15/48
 61439 | Crypt:2  | Got a clouded diamond amulet
 61440 | Crypt:2  | Identified the amulet of Lilacs {Ward rF+ rN+} (You took it off a necromancer on level 2 of the Crypt)
 61545 | Crypt:2  | Got a vibrating platinum amulet
 61546 | Crypt:2  | Identified the amulet "Qinizo" {Ward rN+ Int+7 Dex+3} (You took it off a vampire on level 2 of the Crypt)
 61560 | Crypt:2  | Found an ancient bone altar of Kikubaaqudgha.
 61752 | Crypt:2  | Identified the Disquisition on Evil Rituals
 61935 | Crypt:2  | Found a basalt altar of Yredelemnul.
 61971 | Crypt:3  | Entered Level 3 of the Crypt
 62747 | Crypt:3  | Got a bound wooden ring
 62748 | Crypt:3  | Identified the ring of Cuibliupn {rPois rN+ MR+ Dex+2} (You took it off a necromancer on level 3 of the Crypt)
 63161 | Crypt:3  | Noticed an ancient lich
 63175 | Crypt:3  | Killed an ancient lich
 63548 | Crypt:3  | Found an ancient bone altar of Kikubaaqudgha.
 63651 | Crypt:3  | Found a staircase to the Tomb.
 63658 | Crypt:3  | Got a warped bronze ring
 63660 | Crypt:3  | Identified the ring "Vunk" {+Inv rF+ rN+ Int-4 Dex+4} (You found it on level 3 of the Crypt)
 64161 | Lair:1   | Identified a +2 rod of the swarm (14/14) (You found it on level 3 of the Crypt)
 64187 | Lair:1   | Gained mutation: You are clumsy. (Dex -2) [mutagenic glow]
 64233 | Lair:1   | Gained mutation: You are frail (-10% HP). [mutagenic glow]
 64270 | Lair:1   | Cast into the Abyss (a distortion unwield)
 64358 | Abyss:1  | Reached skill level 1 in Evocations
 64636 | Abyss:1  | Gained mutation: You are very frail (-20% HP). [a neqoxec]
 64819 | Abyss:4  | Found a stormy altar of Qazlal.
 64862 | Abyss:4  | Found an ancient bone altar of Kikubaaqudgha.
 65084 | Abyss:4  | Gained mutation: You are very clumsy. (Dex -4) [a neqoxec]
 65178 | Abyss:4  | Reached XP level 24. HP: 157/163 MP: 17/49
 65657 | Abyss:4  | Reached skill level 10 in Fire Magic
 66084 | Abyss:4  | Got an abyssal rune of Zot
 66109 | Abyss:4  | Killed from afar by a Hell Sentinel

Inventory:

Hand Weapons
 a - the +8 autumn katana (weapon) {slice, Clar}
   (You bought it in a shop on level 4 of the Orcish Mines)

   It inflicts extra damage upon your enemies.
   It protects you against confusion.
 u - the +11 shortbow "Xaditec" {flame, rN+++ MP+9 Str+3 Int+4}
   (You took it off a vault warden on level 5 of the Vaults)

   It causes projectiles fired from it to burn those they strike, causing extra
   injury to most foes and up to half again as much damage against particularly
   susceptible opponents.
   It affects your strength (+3).
   It affects your intelligence (+4).
   It renders you almost immune to negative energy.
   It affects your magic capacity (+9).
 Y - a +2 war axe of distortion
   (You subdued it on level 2 of the Elven Halls)
Armour
 v - a +2 cloak of cold resistance (worn)
   (You found it in an ice cave)
 K - the +2 pair of boots of the Crypt (worn) {Int+6}
   (You acquired it on level 2 of the Shoals)

   It affects your intelligence (+6).
 T - the +3 hat of Pondering {ponderous, MR+ MP+10 Int+5}
   (You found it in a labyrinth)

   It affects your intelligence (+5).
   It affects your resistance to hostile enchantments.
   It affects your magic capacity (+10).
 X - a +1 pair of gloves (worn)
   (You took it off Nikola on level 3 of the Vaults)
Magical Staves
 b - an uncursed staff of energy
   (You found it on level 3 of the Crypt)
Jewellery
 e - the amulet "Qinizo" {Ward rN+ Int+7 Dex+3}
   (You took it off a vampire on level 2 of the Crypt)

   [amulet of warding]

   It may prevent the melee attacks of summoned creatures.
   It affects your intelligence (+7).
   It affects your dexterity (+3).
   It protects you from negative energy.
 t - the ring of Cuibliupn {rPois rN+ MR+ Dex+2}
   (You took it off a necromancer on level 3 of the Crypt)

   [ring of positive energy]

   It affects your dexterity (+2).
   It protects you from poison.
   It protects you from negative energy.
   It affects your resistance to hostile enchantments.
 B - the amulet of Lilacs {Ward rF+ rN+}
   (You took it off a necromancer on level 2 of the Crypt)

   [amulet of warding]

   It may prevent the melee attacks of summoned creatures.
   It protects you from fire.
   It protects you from negative energy.
 C - an uncursed ring of protection from cold
   (You found it on level 3 of the Lair of Beasts)
 I - the ring of the Mage (right hand) {Wiz MR++ Int+3}
   (You took it off a deep elf death mage on level 3 of the Elven Halls)

   [ring of wizardry]

   It improves your spell success rate.
   It affects your intelligence (+3).
   It affects your resistance to hostile enchantments.
 J - the ring "Vunk" {+Inv rF+ rN+ Int-4 Dex+4}
   (You found it on level 3 of the Crypt)

   [ring of positive energy]

   It affects your intelligence (-4).
   It affects your dexterity (+4).
   It protects you from fire.
   It protects you from negative energy.
   It lets you turn invisible.
 N - an uncursed amulet of stasis
   (You found it on level 3 of the Elven Halls)
 O - an amulet of resist mutation (around neck)
   (You bought it in a shop on level 4 of the Orcish Mines)
 Q - an uncursed amulet of resist corrosion
   (You bought it in a shop on level 4 of the Orcish Mines)
 R - the ring of Moderation (left hand) {*Confuse rPois MR+++ SInv Stlth+}
   (You found it on level 6 of the Lair of Beasts)

   [ring of stealth]

   It protects you from poison.
   It affects your resistance to hostile enchantments.
   It lets you see invisible.
   It may confuse you when you take damage.
   It makes you more stealthy.
 U - an uncursed ring of sustain attributes
   (You found it on level 5 of the Lair of Beasts)
Wands
 c - a wand of heal wounds (2)
   (You found it on level 1 of the Lair of Beasts)
 q - a wand of teleportation (4)
   (You found it on level 3 of the Snake Pit)
 Z - a wand of digging (15)
   (You found it on level 5 of the Vaults)
Scrolls
 g - 5 scrolls of holy word
 h - 27 scrolls of identify
 j - 5 scrolls of teleportation
 l - 24 scrolls of remove curse
 n - a scroll of enchant armour
 p - 7 scrolls of magic mapping
 s - 7 scrolls of recharging
 w - a scroll of fog
 z - 4 scrolls of fear
 S - 3 scrolls of summoning
 V - a scroll of silence
Potions
 d - 19 potions of curing
 k - 2 potions of cancellation
 m - 6 potions of might
 o - 2 potions of heal wounds
 r - a potion of cure mutation
 A - 4 potions of resistance
 D - 5 potions of brilliance
 E - 2 potions of flight
 F - a potion of magic
 L - 5 potions of haste
 P - 2 potions of agility
Books
 f - a Fen Folio
   (You found it on level 1 of the Abyss)

   Spells                             Type                      Level
   a - Corpse Rot                     Necromancy                   2
   b - Stone Arrow                    Conjuration/Earth            3
   c - Leda's Liquefaction            Hexes/Earth                  4
   d - Summon Forest                  Summoning/Translocation      5
   e - Hydra Form                     Transmutation                6
   f - Summon Hydra                   Summoning                    7
Comestibles
 i - 14 meat rations
 G - 21 fruits

Table legend:
 A = Turns spent in this place as a percentage of turns spent in the entire game.
 B = Non-inter-level travel turns spent in this place as a percentage of non-inter-level travel turns spent in the entire game.
 C = Inter-level travel turns spent in this place as a percentage of turns spent in this place.
 D = Turns resting spent in this place as a percentage of non-inter-level travel turns spent in this place.
 E = Turns spent auto-exploring this place as a percentage of non-inter-level travel turns spent in this place.
 F = Non-inter-level travel turns spent in this place divided by the number of levels of this place that you've seen.
                   A       B       C       D       E      F
               +-------+-------+-------+-------+-------+----------------------
         Total | 100.0 | 100.0 |   0.8 |   3.8 |   7.9 | 372.9
       Dungeon |  22.6 |  22.5 |   1.0 |   4.4 |   9.2 | 308.2
        Temple |   0.1 |   0.1 |   4.3 |   0.0 |   4.5 |  22.0
          Lair |  18.5 |  18.4 |   1.3 |   4.8 |   6.4 | 471.4
        Shoals |   7.1 |   7.1 |   0.8 |   4.8 |   8.3 | 363.0
     Snake Pit |   6.5 |   6.5 |   1.0 |   2.1 |  11.7 | 331.5
  Orcish Mines |   6.2 |   6.2 |   1.2 |   4.1 |  12.0 | 316.5
   Elven Halls |   5.3 |   5.3 |   1.0 |   3.5 |  12.4 | 361.7
        Vaults |  10.2 |  10.2 |   0.6 |   3.5 |  12.7 | 419.6
         Crypt |  10.1 |  10.1 |   0.2 |   4.4 |   3.9 | 692.3
         Abyss |   9.0 |   9.1 |   0.0 |   0.6 |   0.4 | 465.8
     Labyrinth |   1.9 |   1.9 |   0.0 |   3.5 |   0.0 | 397.0
        Bazaar |   0.2 |   0.2 |   0.0 |   0.0 |   8.3 |  36.0
         Sewer |   0.5 |   0.5 |   0.0 |   4.0 |   6.0 | 100.0
      Ice Cave |   1.9 |   1.9 |   0.0 |   4.1 |   5.1 | 393.0
               +-------+-------+-------+-------+-------+----------------------


   Skills:
 - Level 14.4 Fighting
 - Level 12.0 Long Blades
 - Level 1.7 Dodging
 - Level 1.7 Stealth
 * Level 22.7 Spellcasting
 + Level 16.5 Conjurations
 - Level 11.9 Charms
 + Level 10.1 Fire Magic
 - Level 23.4 Earth Magic
 + Level 3.5 Evocations


You had 21 spell levels left.
You knew the following spells:

 Your Spells              Type           Power        Failure   Level  Hunger
a - Apportation           Tloc           #####.....   1%          1    None
b - Regeneration          Chrm/Necr      ######....   1%          3    None
c - Deflect Missiles      Chrm/Air       ######....   4%          6    None
d - Blink                 Tloc           N/A          1%          2    None
f - Sandblast             Erth           ######       0%          1    None
g - Haste                 Chrm           #######.     1%          6    None
h - Stoneskin             Trmt/Erth      #######.     0%          2    None
i - Statue Form           Trmt/Erth      #######..    1%          6    None
A - Iron Shot             Conj/Erth      ########..   1%          6    None
C - Shatter               Erth           ########..   1%          9    #####..
D - Fireball              Conj/Fire      #######...   1%          5    None


Dungeon Overview and Level Annotations

Branches:
Dungeon (15/15)            Temple (1/1) D:6            Lair (8/8) D:11
 Shoals (4/4) Lair:3        Snake (4/4) Lair:3        Slime (0/6) Lair:8
    Orc (4/4) D:10            Elf (3/3) Orc:3        Vaults (5/5) D:13
  Crypt (3/3) Vaults:3       Tomb (0/3) Crypt:3      Depths (0/5) D:15

Altars:
Ashenzari
Cheibriados
Dithmenos
Elyvilon
Fedhas
Gozag
Kikubaaqudgha
Makhleb
Nemelex Xobeh
Okawaru
Qazlal
Ru
Sif Muna
Trog
Vehumet
Xom
Yredelemnul
Zin
The Shining One
Beogh

Shops:
D:9 ?   D:14 ?   Orc:4 (==*=   Elf:2 [[**   Elf:3 [   Shoals:2 :!*   Snake:2 :
Vaults:2 %

Annotations:
D:4 Pr0man's ghost, amateur DsAK
Lair:2 exclusion: 4 oklob plants


Innate Abilities, Weirdness & Mutations

You can walk through water.
Your dull iron-grey scales are very hard (AC +17).
Your body does not fit into most forms of armour.
You can survive without breathing.
You are cold-blooded and may be slowed by cold attacks.
You are very clumsy. (Dex -4)
You are very frail (-20% HP).


Message History

The iron shot hits the Hell Sentinel.
The Hell Sentinel is moderately wounded.
Casting: Iron Shot
Confirm with . or Enter, or press ? or * to list all spells.
Aiming: Iron Shot
Press: ? - help, Shift-Dir - straight line, f/p - Hell Sentinel
Aim: a Hell Sentinel (moderately wounded)
The iron shot hits the Hell Sentinel.
The Hell Sentinel is heavily wounded.
A hellion comes into view.
The Hell Sentinel gestures at you.
The hellfire explodes!
The blast of hellfire engulfs you!
You hear a roar!
You hear a bark!
You hear a bark!
You hear a bark!
Read which item? (? for menu, Esc to quit)
As you read the scroll of teleportation, it crumbles to dust.
You feel strangely unstable.
You feel the power of the Abyss delaying your translocation!
The Hell Sentinel gestures at you. The iron shot hits you!
You die...

.. ## . . . .# ##..#
#. . # # . ## # .##.
# .. # # . ... ......
... ## #
#'........#... #.. #
..##.##..# ..#
#....†.. #.##..##..#
# .#≈# ##..........
#.≈†≈. #....... .
.≈≈≈.###.##..# .
#......#...##@.##..#
.
#.......##..........#
#.......##..........#
# #.#.#..1##..##..##
##.#...##.##..# .# ##
##........... .# ##
#........... # .
###..##..##.. #..#
..# .. .... ... ....
...


You could see a Hell Sentinel.

Table legend:
 A = Kills in this place as a percentage of kills in entire the game.
 B = Kills by you in this place as a percentage of kills by you in the entire game.
 C = Kills by friends in this place as a percentage of kills by friends in the entire game.
 D = Other kills in this place as a percentage of other kills in the entire game.
 E = Experience gained in this place as a percentage of experience gained in the entire game.
 F = Experience gained in this place divided by the number of levels of this place that you have seen.
                   A       B       C       D       E      F
               +-------+-------+-------+-------+-------+----------------------
         Total | 100.0 | 100.0 |  -nan | 100.0 | 100.0 | 18453.6
       Dungeon |  20.8 |  20.7 |  -nan |  50.0 |   6.8 | 4601.9
          Lair |  15.7 |  15.8 |  -nan |   0.0 |   7.5 | 9488.2
        Shoals |   5.8 |   5.9 |  -nan |   0.0 |   8.1 | 20434.2
     Snake Pit |   9.5 |   9.6 |  -nan |   0.0 |  13.0 | 32880.8
  Orcish Mines |   8.6 |   8.6 |  -nan |   0.0 |   1.8 | 4457.2
   Elven Halls |   5.4 |   5.4 |  -nan |   0.0 |   9.3 | 31432.3
        Vaults |  15.8 |  15.7 |  -nan |  30.0 |  28.8 | 58519.6
         Crypt |  10.3 |  10.4 |  -nan |   0.0 |  17.9 | 60621.0
         Abyss |   4.7 |   4.7 |  -nan |  20.0 |   5.4 | 13706.5
     Labyrinth |   0.3 |   0.3 |  -nan |   0.0 |   0.2 | 2322.0
         Sewer |   0.4 |   0.4 |  -nan |   0.0 |   0.0 | 358.0
      Ice Cave |   2.5 |   2.5 |  -nan |   0.0 |   1.2 | 12661.0
               +-------+-------+-------+-------+-------+----------------------

Vanquished Creatures
  Monster Symbol All ' '
  The ghost of serq the Impaler, a journeyman MfGl of Fedhas (D:10)
  The ghost of Starve the Nimble, a novice MfNe (D:8)
  The ghost of Ohli the Ducker, a novice OpBe of Trog (D:5)
  The ghost of Pr0man the Conjurer, an amateur GrIE (Sewer)
4 creatures vanquished. All '(' 17 dancing weapons
17 creatures vanquished. All '*' 2 wretched stars 6 lost souls 6 starspawn tentacle segments (Abyss:1)
14 creatures vanquished. All '2' A reaper (Abyss:4) 2 blizzard demons (IceCv) A tormentor (Abyss:1)
4 creatures vanquished. All '3' 4 soul eaters 5 ice devils (IceCv) 3 smoke demons 3 ynoxinuls (Abyss:4) 2 neqoxecs A chaos spawn (Abyss:4)
18 creatures vanquished. All '4' A sixfirhy (Abyss:4) 4 orange demons (Abyss:4) A red devil (Abyss:2) 3 blue devils (IceCv)
9 creatures vanquished. All '5' 8 crimson imps 4 quasits 3 shadow imps 9 white imps 5 ufetubi (IceCv)
29 creatures vanquished. All '8' 3 crystal guardians (Crypt:3) An ice statue (IceCv)
4 creatures vanquished. All '9' 5 war gargoyles
5 creatures vanquished. All ';' 10 electric eels
10 creatures vanquished. All '@' Nikola (Vaults:3) Kirke (Shoals:3) Louise (D:14) Josephine (Lair:4) Harold (Lair:4) Joseph (D:8) Terence (D:2)
7 creatures vanquished. All 'B' 2 boulder beetles
2 creatures vanquished. All 'C' 2 titans (Vaults:5) 5 frost giants 3 fire giants 9 stone giants 7 ettins An ettin (shapeshifter) (Vaults:5) 6 hill giants A hill giant (shapeshifter) (Vaults:5) 5 cyclopes
39 creatures vanquished. All 'D' 2 golden dragons (Vaults:5) 2 bone dragons 7 shadow dragons 2 storm dragons (Vaults:5) An iron dragon (Vaults:5) 2 fire dragons 5 hydras A swamp dragon (shapeshifter) (Vaults:3) 4 steam dragons 3 mottled dragons
29 creatures vanquished. All 'E' 11 water elementals A fire elemental (D:13)
12 creatures vanquished. All 'F' 32 spiny frogs 44 blink frogs Prince Ribbit (D:7) 31 giant frogs
108 creatures vanquished. All 'G' 4 great orbs of eyes 3 giant orange brains A golden eye (Abyss:4) 3 eyes of draining
11 creatures vanquished. All 'H' 5 sphinxes A minotaur (Lab) 10 harpies 12 griffons 7 manticores A griffon (shapeshifter) (Vaults:3) 12 hippogriffs
48 creatures vanquished. All 'J' 36 slime creatures 7 jellies An ooze (D:5)
44 creatures vanquished. All 'K' A kobold demonologist (D:15) 5 big kobolds 27 kobolds
33 creatures vanquished. All 'L' 2 ancient liches 6 liches 6 revenants
14 creatures vanquished. All 'M' A mummy priest (Crypt:2)
1 creature vanquished. All 'N' 12 greater nagas 5 salamander stormcallers 18 naga warriors 13 naga sharpshooters 6 salamander mystics 4 naga ritualists 14 naga magi 23 salamanders 58 nagas
153 creatures vanquished. All 'O' 4 ogre magi 14 two-headed ogres A two-headed ogre (shapeshifter) (D:14) 17 ogres
36 creatures vanquished. All 'P' 2 oklob plants (Lair:1) 3 bushes 13 fungi 55 plants
73 creatures vanquished. All 'Q' 3 tengu reavers (Vaults:5) A tengu warrior (D:13) A tengu conjurer (D:15)
5 creatures vanquished. All 'R' Azrael (D:14) 2 efreet (Abyss:4)
3 creatures vanquished. All 'S' 9 anacondas A shock serpent (shapeshifter) (Vaults:5) 4 shock serpents A sea snake (shapeshifter) (Vaults:5) 25 sea snakes 6 mana vipers 9 guardian serpents A black mamba (shapeshifter) (Elf:1) 43 black mambas 19 water moccasins 4 lava snakes 15 adders 6 ball pythons
143 creatures vanquished. All 'T' Snorg (Orc:4) A deep troll (shapeshifter) (Vaults:5) 7 deep trolls 4 trolls
13 creatures vanquished. All 'V' 5 vampire knights 11 jiangshi (Crypt:2) 4 vampire magi 8 vampires
28 creatures vanquished. All 'W' 4 eidola 6 shadow wraiths 7 flayed ghosts 11 phantasmal warriors 12 freezing wraiths 8 shadows 13 wraiths 6 hungry ghosts 4 phantoms
71 creatures vanquished. All 'X' 3 tentacled starspawn A thrashing horror (Abyss:4) 12 starcursed masses (Abyss:4) 15 large abominations
31 creatures vanquished. All 'Y' A catoblepas (Lair:8) 15 elephants A yak (shapeshifter) (Vaults:2) 50 yaks 5 sky beasts 3 ice beasts A sky beast (shapeshifter) (Abyss:1) 19 sheep
95 creatures vanquished. All 'Z' A quicksilver dragon zombie (Crypt:2) A titan zombie (Crypt:3) 2 storm dragon zombies A spectral anaconda (Crypt:2) 4 golden dragon zombies A kraken simulacrum (Shoals:4) An anaconda zombie (Crypt:2) A shadow dragon zombie (Crypt:2) A golden dragon skeleton (Crypt:2) A wolf spider zombie (Crypt:1) 2 anaconda skeletons 2 fire giant zombies 3 frost giant zombies (Crypt:2) A spectral ettin (Crypt:2) 2 stone giant zombies A frost giant skeleton (Crypt:3) 2 human skeletons 2 fire giant skeletons A shock serpent zombie (Crypt:2) An emperor scorpion zombie (Crypt:3) 2 death yak zombies A human zombie (Vaults:4) 7 centaur skeletons An alligator snapping turtle skeleton (Crypt:2) A golden dragon simulacrum (IceCv) 5 harpy zombies 3 hydra zombies 2 yaktaur skeletons 3 anaconda simulacra (IceCv) An iron troll skeleton (Crypt:2) An iron dragon simulacrum (Crypt:2) A hydra skeleton (Crypt:3) A griffon zombie (Crypt:2) An alligator skeleton (Crypt:3) A black mamba zombie (Crypt:2) A human simulacrum (Vaults:3) 4 dire elephant simulacra (IceCv) 4 harpy simulacra (IceCv) A black mamba skeleton (Crypt:2) An iron troll simulacrum (IceCv) 4 hydra simulacra (IceCv) A deep troll skeleton (Vaults:2) A manticore zombie (Crypt:2) 2 ettin simulacra (IceCv) A spiny frog skeleton (Crypt:3) A spiny frog zombie (Crypt:2) A swamp dragon skeleton (Crypt:1) A vine stalker zombie (Crypt:1) A dryad skeleton (Crypt:1) A wyvern zombie (D:9) 2 glowing shapeshifter simulacra 2 hippogriff zombies An elephant simulacrum (IceCv) A centaur zombie (D:11) A draconian simulacrum (IceCv) A giant frog skeleton (D:10) A two-headed ogre skeleton (Crypt:2) 4 spriggan simulacra (IceCv) A killer bee zombie (D:10) A troll simulacrum (IceCv) A centaur simulacrum (IceCv) A hound zombie (D:10) 2 hound skeletons 4 naga simulacra (IceCv) 2 ogre simulacra (IceCv) 2 adder zombies (D:7) A gnoll skeleton (Crypt:2) A goblin skeleton (D:8) 4 goblin zombies 3 hobgoblin zombies (D:8) A kobold skeleton (D:8) 3 orc zombies A quokka skeleton (D:9) A spectral orc (D:3)
129 creatures vanquished. All 'a' 2 soldier ants (shapeshifter) 5 worker ants
7 creatures vanquished. All 'b' A fire bat (Abyss:1) 19 bats
20 creatures vanquished. All 'c' 13 yaktaur captains 2 satyrs 7 centaur warriors 13 fauns 30 yaktaurs 21 centaurs
86 creatures vanquished. All 'e' 3 deep elf blademasters (Elf:3) 4 deep elf master archers (Elf:3) 8 deep elf sorcerers 7 deep elf demonologists 7 deep elf annihilators (Elf:3) 5 deep elf death magi 3 deep elf high priests 16 deep elf knights 8 deep elf summoners 6 deep elf conjurers 18 deep elf priests 30 deep elf fighters 21 deep elf magi
136 creatures vanquished. All 'g' 7 boggarts 2 gnoll sergeants 6 gnolls 12 hobgoblins 5 goblins
32 creatures vanquished. All 'h' A polar bear (shapeshifter) (Vaults:3) 13 raiju 3 hogs (Shoals:3) 3 wargs 15 wolves 4 hell hounds 5 black bears A black bear (shapeshifter) (Vaults:3) 7 hounds Natasha (thrice) (D:2) 7 jackals
62 creatures vanquished. All 'i' Agnes (D:14)
1 creature vanquished. All 'k' A lindwurm (D:13) 2 fire drakes 4 wind drakes 2 swamp drakes (Lair:8)
9 creatures vanquished. All 'l' 4 komodo dragons A komodo dragon (shapeshifter) (Vaults:2) 4 basilisks A basilisk (shapeshifter) (Vaults:3) A wyvern (D:11) 5 iguanas 6 giant geckos 6 giant newts
28 creatures vanquished. All 'm' Ilsuiw (Shoals:4) 9 merfolk javelineers 11 merfolk impalers 4 merfolk avatars 4 merfolk aquamancers 6 water nymphs 10 sirens A merfolk (shapeshifter) (Vaults:5) 16 merfolk
62 creatures vanquished. All 'n' 7 ghouls 5 bog bodies 5 necrophages
17 creatures vanquished. All 'o' 5 orc high priests (Orc:4) 14 orc knights 4 orc sorcerers 48 orc warriors 26 orc wizards 39 orc priests 192 orcs
328 creatures vanquished. All 'p' 11 vault wardens 8 ironheart preservers 26 vault guards 5 death knights 2 wizards 7 hell knights 9 ironbrand convokers 12 necromancers 15 vault sentinels
95 creatures vanquished. All 'r' 13 porcupines 58 river rats 10 quokkas 13 rats
94 creatures vanquished. All 's' 8 wolf spiders 3 trapdoor spiders 3 scorpions 5 giant cockroaches
19 creatures vanquished. All 't' A ghost crab (Crypt:2) A fire crab (shapeshifter) (D:15) 2 fire crabs 2 apocalypse crabs 6 snapping turtles 16 crocodiles
28 creatures vanquished. All 'u' 5 very ugly things (Vaults:5) 25 ugly things
30 creatures vanquished. All 'v' A fire vortex (Lair:6)
1 creature vanquished. All 'w' A torpor snail (Lair:3) A giant leech (Lair:8) 7 swamp worms (Lair:3) 16 worms 6 starspawn tentacles (Abyss:1) 4 tentacles (Shoals:4)
35 creatures vanquished. All 'x' 11 unseen horrors An ancient zyme (Abyss:4) 9 small abominations
21 creatures vanquished. All 'y' 3 hornets 18 vampire mosquitoes A wasp (D:10) 8 killer bees
30 creatures vanquished. All 'z' An ancient champion (Crypt:3) A curse skull (Crypt:2) 40 skeletal warriors 34 flying skulls (Crypt:3) 5 wights (D:6)
81 creatures vanquished.
2464 creatures vanquished. Monster Nature Uniques Nikola (Vaults:3) Agnes (D:14) Kirke (Shoals:3) Ilsuiw (Shoals:4) Louise (D:14) Azrael (D:14) Snorg (Orc:4) Josephine (Lair:4) Harold (Lair:4) Joseph (D:8) Prince Ribbit (D:7) Terence (D:2) Natasha (thrice) (D:2)
15 creatures vanquished. Natural Monsters 2 golden dragons (Vaults:5) 3 deep elf blademasters (Elf:3) 2 titans (Vaults:5) 4 deep elf master archers (Elf:3) 7 shadow dragons 5 sphinxes 2 storm dragons (Vaults:5) 3 tengu reavers (Vaults:5) 5 frost giants 3 fire giants 11 vault wardens 12 greater nagas 8 deep elf sorcerers An iron dragon (Vaults:5) 8 ironheart preservers 5 very ugly things (Vaults:5) 9 stone giants 7 deep elf demonologists 7 deep elf annihilators (Elf:3) 5 salamander stormcallers 7 ettins 9 merfolk javelineers 5 deep elf death magi An ettin (shapeshifter) (Vaults:5) A minotaur (Lab) 3 deep elf high priests 11 merfolk impalers 26 vault guards 2 fire dragons 5 hydras The ghost of serq the Impaler, a journeyman MfGl of Fedhas (D:10) 4 great orbs of eyes 4 ogre magi 13 yaktaur captains A ghost crab (Crypt:2) 18 naga warriors A catoblepas (Lair:8) 2 satyrs 5 death knights 4 merfolk avatars 9 anacondas 7 centaur warriors A tengu warrior (D:13) 4 merfolk aquamancers 5 orc high priests (Orc:4) A fire crab (shapeshifter) (D:15) 4 shock serpents A shock serpent (shapeshifter) (Vaults:5) 13 naga sharpshooters 6 salamander mystics 16 deep elf knights 2 fire crabs 2 wizards 10 harpies 6 hill giants 11 unseen horrors A swamp dragon (shapeshifter) (Vaults:3) 3 giant orange brains 7 hell knights A deep troll (shapeshifter) (Vaults:5) A hill giant (shapeshifter) (Vaults:5) 25 sea snakes A sea snake (shapeshifter) (Vaults:5) 7 deep trolls 8 deep elf summoners A lindwurm (D:13) 6 mana vipers 12 griffons 14 orc knights 9 ironbrand convokers 12 necromancers 4 naga ritualists 6 deep elf conjurers 7 manticores 13 fauns 8 wolf spiders The ghost of Starve the Nimble, a novice MfNe (D:8) 3 hornets The ghost of Ohli the Ducker, a novice OpBe of Trog (D:5) A griffon (shapeshifter) (Vaults:3) 25 ugly things 9 guardian serpents 14 naga magi 4 orc sorcerers 23 salamanders 6 water nymphs A black mamba (shapeshifter) (Elf:1) 15 elephants 5 cyclopes 10 sirens 15 vault sentinels A torpor snail (Lair:3) 43 black mambas 32 spiny frogs 2 fire drakes A kobold demonologist (D:15) 4 trolls 4 komodo dragons 18 deep elf priests 30 yaktaurs A komodo dragon (shapeshifter) (Vaults:2) A merfolk (shapeshifter) (Vaults:5) 16 merfolk A tengu conjurer (D:15) 4 wind drakes A polar bear (shapeshifter) (Vaults:3) 44 blink frogs A giant leech (Lair:8) 14 two-headed ogres A two-headed ogre (shapeshifter) (D:14) 36 slime creatures 2 boulder beetles 13 raiju 6 snapping turtles 3 trapdoor spiders The ghost of Pr0man the Conjurer, an amateur GrIE (Sewer) A yak (shapeshifter) (Vaults:2) 50 yaks 4 basilisks A fire bat (Abyss:1) 30 deep elf fighters 21 deep elf magi A basilisk (shapeshifter) (Vaults:3) 3 hogs (Shoals:3) 4 steam dragons A golden eye (Abyss:4) 3 mottled dragons 12 hippogriffs 3 wargs A wyvern (D:11) 15 wolves 7 swamp worms (Lair:3) 19 water moccasins 2 soldier ants (shapeshifter) 13 porcupines 58 nagas 2 swamp drakes (Lair:8) 48 orc warriors 5 sky beasts 3 ice beasts 5 black bears A wasp (D:10) A sky beast (shapeshifter) (Abyss:1) A black bear (shapeshifter) (Vaults:3) 17 ogres 21 centaurs 7 boggarts 3 eyes of draining 5 big kobolds 16 crocodiles 31 giant frogs 2 gnoll sergeants 3 scorpions 8 killer bees 10 electric eels 26 orc wizards 4 lava snakes 39 orc priests 7 hounds 5 iguanas 7 jellies 5 worker ants 19 sheep 6 gnolls 15 adders 58 river rats An ooze (D:5) 16 worms 6 giant geckos 192 orcs 12 hobgoblins 7 jackals 6 ball pythons 19 bats 5 giant cockroaches 6 giant newts 5 goblins 27 kobolds 10 quokkas 13 rats 4 tentacles (Shoals:4)
1847 creatures vanquished. Non-Living Monsters 3 tentacled starspawn 5 war gargoyles 3 crystal guardians (Crypt:3) A thrashing horror (Abyss:4) 17 dancing weapons 2 wretched stars 12 starcursed masses (Abyss:4) An ice statue (IceCv) An ancient zyme (Abyss:4) 11 water elementals A fire elemental (D:13) A fire vortex (Lair:6) 6 starspawn tentacles (Abyss:1) 6 starspawn tentacle segments (Abyss:1)
70 creatures vanquished. Undead Monsters 2 ancient liches 2 bone dragons 6 liches An ancient champion (Crypt:3) 6 revenants A curse skull (Crypt:2) 7 ghouls 5 vampire knights 4 eidola 11 jiangshi (Crypt:2) A quicksilver dragon zombie (Crypt:2) A mummy priest (Crypt:2) 4 vampire magi A titan zombie (Crypt:3) 2 storm dragon zombies 40 skeletal warriors 6 shadow wraiths A spectral anaconda (Crypt:2) 4 golden dragon zombies A kraken simulacrum (Shoals:4) 7 flayed ghosts An anaconda zombie (Crypt:2) A shadow dragon zombie (Crypt:2) A golden dragon skeleton (Crypt:2) 11 phantasmal warriors A wolf spider zombie (Crypt:1) 2 anaconda skeletons 2 fire giant zombies 3 frost giant zombies (Crypt:2) A spectral ettin (Crypt:2) 2 stone giant zombies A frost giant skeleton (Crypt:3) 2 human skeletons 2 fire giant skeletons A shock serpent zombie (Crypt:2) An emperor scorpion zombie (Crypt:3) 2 death yak zombies A human zombie (Vaults:4) 7 centaur skeletons An alligator snapping turtle skeleton (Crypt:2) A golden dragon simulacrum (IceCv) 5 harpy zombies 12 freezing wraiths 3 hydra zombies 2 yaktaur skeletons 3 anaconda simulacra (IceCv) An iron troll skeleton (Crypt:2) 15 large abominations 5 bog bodies An iron dragon simulacrum (Crypt:2) A hydra skeleton (Crypt:3) A griffon zombie (Crypt:2) 34 flying skulls (Crypt:3) 8 shadows An alligator skeleton (Crypt:3) A black mamba zombie (Crypt:2) 13 wraiths 8 vampires A human simulacrum (Vaults:3) 4 dire elephant simulacra (IceCv) 4 harpy simulacra (IceCv) A black mamba skeleton (Crypt:2) 6 hungry ghosts An iron troll simulacrum (IceCv) 18 vampire mosquitoes 4 hydra simulacra (IceCv) A deep troll skeleton (Vaults:2) A manticore zombie (Crypt:2) 2 ettin simulacra (IceCv) A spiny frog skeleton (Crypt:3) A spiny frog zombie (Crypt:2) 5 necrophages 4 phantoms A swamp dragon skeleton (Crypt:1) A vine stalker zombie (Crypt:1) A dryad skeleton (Crypt:1) A wyvern zombie (D:9) 2 glowing shapeshifter simulacra 2 hippogriff zombies An elephant simulacrum (IceCv) 5 wights (D:6) 9 small abominations A centaur zombie (D:11) A draconian simulacrum (IceCv) A giant frog skeleton (D:10) A two-headed ogre skeleton (Crypt:2) 4 spriggan simulacra (IceCv) A killer bee zombie (D:10) A troll simulacrum (IceCv) A centaur simulacrum (IceCv) A hound zombie (D:10) 2 hound skeletons 4 naga simulacra (IceCv) 2 ogre simulacra (IceCv) 2 adder zombies (D:7) A gnoll skeleton (Crypt:2) A goblin skeleton (D:8) 4 goblin zombies 3 hobgoblin zombies (D:8) A kobold skeleton (D:8) 3 orc zombies A quokka skeleton (D:9) A spectral orc (D:3) 6 lost souls
391 creatures vanquished. Demonic Monsters A reaper (Abyss:4) 2 blizzard demons (IceCv) 4 soul eaters 5 ice devils (IceCv) A sixfirhy (Abyss:4) 4 orange demons (Abyss:4) 2 apocalypse crabs 3 smoke demons A tormentor (Abyss:1) 2 efreet (Abyss:4) A red devil (Abyss:2) 3 blue devils (IceCv) 3 ynoxinuls (Abyss:4) 2 neqoxecs A chaos spawn (Abyss:4) 4 hell hounds 8 crimson imps 4 quasits 3 shadow imps 9 white imps 5 ufetubi (IceCv)
68 creatures vanquished. Plants 2 oklob plants (Lair:1) 3 bushes 13 fungi 55 plants
73 creatures vanquished.
2464 creatures vanquished. Ascending Order Nikola (Vaults:3) An ancient champion (Crypt:3) Agnes (D:14) Kirke (Shoals:3) Ilsuiw (Shoals:4) An iron dragon (Vaults:5) Louise (D:14) A curse skull (Crypt:2) A reaper (Abyss:4) Azrael (D:14) Snorg (Orc:4) An ettin (shapeshifter) (Vaults:5) A minotaur (Lab) A quicksilver dragon zombie (Crypt:2) A mummy priest (Crypt:2) Josephine (Lair:4) The ghost of serq the Impaler, a journeyman MfGl of Fedhas (D:10) Harold (Lair:4) A ghost crab (Crypt:2) A catoblepas (Lair:8) A tengu warrior (D:13) A thrashing horror (Abyss:4) A titan zombie (Crypt:3) A fire crab (shapeshifter) (D:15) A shock serpent (shapeshifter) (Vaults:5) A spectral anaconda (Crypt:2) A swamp dragon (shapeshifter) (Vaults:3) A kraken simulacrum (Shoals:4) A deep troll (shapeshifter) (Vaults:5) A hill giant (shapeshifter) (Vaults:5) A sea snake (shapeshifter) (Vaults:5) An anaconda zombie (Crypt:2) A shadow dragon zombie (Crypt:2) A lindwurm (D:13) A golden dragon skeleton (Crypt:2) A wolf spider zombie (Crypt:1) A sixfirhy (Abyss:4) The ghost of Starve the Nimble, a novice MfNe (D:8) The ghost of Ohli the Ducker, a novice OpBe of Trog (D:5) A spectral ettin (Crypt:2) A griffon (shapeshifter) (Vaults:3) A frost giant skeleton (Crypt:3) A black mamba (shapeshifter) (Elf:1) Joseph (D:8) A shock serpent zombie (Crypt:2) A torpor snail (Lair:3) An ice statue (IceCv) An emperor scorpion zombie (Crypt:3) A human zombie (Vaults:4) A kobold demonologist (D:15) An alligator snapping turtle skeleton (Crypt:2) A tormentor (Abyss:1) A golden dragon simulacrum (IceCv) A red devil (Abyss:2) A komodo dragon (shapeshifter) (Vaults:2) A merfolk (shapeshifter) (Vaults:5) An ancient zyme (Abyss:4) A tengu conjurer (D:15) A polar bear (shapeshifter) (Vaults:3) An iron troll skeleton (Crypt:2) A giant leech (Lair:8) A two-headed ogre (shapeshifter) (D:14) Prince Ribbit (D:7) An iron dragon simulacrum (Crypt:2) A hydra skeleton (Crypt:3) A griffon zombie (Crypt:2) An alligator skeleton (Crypt:3) The ghost of Pr0man the Conjurer, an amateur GrIE (Sewer) A black mamba zombie (Crypt:2) A yak (shapeshifter) (Vaults:2) A human simulacrum (Vaults:3) A fire elemental (D:13) A fire bat (Abyss:1) A chaos spawn (Abyss:4) A basilisk (shapeshifter) (Vaults:3) A black mamba skeleton (Crypt:2) A golden eye (Abyss:4) An iron troll simulacrum (IceCv) A wyvern (D:11) A deep troll skeleton (Vaults:2) A manticore zombie (Crypt:2) A wasp (D:10) A sky beast (shapeshifter) (Abyss:1) A spiny frog skeleton (Crypt:3) A spiny frog zombie (Crypt:2) A black bear (shapeshifter) (Vaults:3) A swamp dragon skeleton (Crypt:1) A vine stalker zombie (Crypt:1) A dryad skeleton (Crypt:1) A wyvern zombie (D:9) An elephant simulacrum (IceCv) A centaur zombie (D:11) A draconian simulacrum (IceCv) A giant frog skeleton (D:10) A two-headed ogre skeleton (Crypt:2) Terence (D:2) A killer bee zombie (D:10) A troll simulacrum (IceCv) A centaur simulacrum (IceCv) A hound zombie (D:10) An ooze (D:5) A goblin skeleton (D:8) A gnoll skeleton (Crypt:2) A spectral orc (D:3) A kobold skeleton (D:8) A quokka skeleton (D:9) A fire vortex (Lair:6) 2 ancient liches 2 golden dragons (Vaults:5) 2 bone dragons 2 titans (Vaults:5) 2 storm dragons (Vaults:5) 2 blizzard demons (IceCv) 2 fire dragons 2 satyrs 2 storm dragon zombies 2 wretched stars 2 fire crabs 2 wizards 2 anaconda skeletons 2 oklob plants (Lair:1) 2 fire giant zombies 2 stone giant zombies 2 human skeletons 2 fire giant skeletons 2 death yak zombies 2 fire drakes 2 apocalypse crabs 2 efreet (Abyss:4) 2 yaktaur skeletons 2 boulder beetles 2 neqoxecs 2 soldier ants (shapeshifter) 2 swamp drakes (Lair:8) 2 ettin simulacra (IceCv) 2 gnoll sergeants 2 glowing shapeshifter simulacra 2 hippogriff zombies 2 hound skeletons 2 ogre simulacra (IceCv) 2 adder zombies (D:7) 3 deep elf blademasters (Elf:3) 3 tentacled starspawn 3 tengu reavers (Vaults:5) 3 fire giants 3 crystal guardians (Crypt:3) 3 deep elf high priests 3 giant orange brains 3 frost giant zombies (Crypt:2) 3 hornets 3 smoke demons 3 hydra zombies 3 anaconda simulacra (IceCv) 3 blue devils (IceCv) 3 trapdoor spiders 3 ynoxinuls (Abyss:4) 3 hogs (Shoals:3) 3 mottled dragons 3 wargs 3 ice beasts 3 eyes of draining 3 scorpions Natasha (thrice) (D:2) 3 shadow imps 3 orc zombies 3 hobgoblin zombies (D:8) 3 bushes 4 deep elf master archers (Elf:3) 4 eidola 4 great orbs of eyes 4 ogre magi 4 merfolk avatars 4 merfolk aquamancers 4 vampire magi 4 shock serpents 4 soul eaters 4 golden dragon zombies 4 naga ritualists 4 orc sorcerers 4 orange demons (Abyss:4) 4 trolls 4 komodo dragons 4 wind drakes 4 dire elephant simulacra (IceCv) 4 basilisks 4 harpy simulacra (IceCv) 4 steam dragons 4 hell hounds 4 hydra simulacra (IceCv) 4 phantoms 4 quasits 4 lava snakes 4 spriggan simulacra (IceCv) 4 naga simulacra (IceCv) 4 goblin zombies 4 tentacles (Shoals:4) 5 sphinxes 5 frost giants 5 very ugly things (Vaults:5) 5 war gargoyles 5 vampire knights 5 salamander stormcallers 5 deep elf death magi 5 hydras 5 death knights 5 orc high priests (Orc:4) 5 ice devils (IceCv) 5 cyclopes 5 harpy zombies 5 bog bodies 5 sky beasts 5 black bears 5 necrophages 5 big kobolds 5 wights (D:6) 5 iguanas 5 worker ants 5 ufetubi (IceCv) 5 goblins 5 giant cockroaches 6 liches 6 revenants 6 salamander mystics 6 shadow wraiths 6 hill giants 6 mana vipers 6 deep elf conjurers 6 water nymphs 6 snapping turtles 6 hungry ghosts 6 gnolls 6 giant geckos 6 giant newts 6 ball pythons 6 starspawn tentacle segments (Abyss:1) 6 starspawn tentacles (Abyss:1) 6 lost souls 7 shadow dragons 7 ghouls 7 deep elf demonologists 7 deep elf annihilators (Elf:3) 7 ettins 7 centaur warriors 7 hell knights 7 deep trolls 7 flayed ghosts 7 manticores 7 centaur skeletons 7 swamp worms (Lair:3) 7 boggarts 7 hounds 7 jellies 7 jackals 8 deep elf sorcerers 8 ironheart preservers 8 deep elf summoners 8 wolf spiders 8 shadows 8 vampires 8 killer bees 8 crimson imps 9 stone giants 9 merfolk javelineers 9 anacondas 9 ironbrand convokers 9 guardian serpents 9 small abominations 9 white imps 10 harpies 10 sirens 10 electric eels 10 quokkas 11 vault wardens 11 jiangshi (Crypt:2) 11 merfolk impalers 11 unseen horrors 11 phantasmal warriors 11 water elementals 12 greater nagas 12 starcursed masses (Abyss:4) 12 griffons 12 necromancers 12 freezing wraiths 12 hippogriffs 12 hobgoblins 13 yaktaur captains 13 naga sharpshooters 13 fauns 13 raiju 13 wraiths 13 porcupines 13 rats 13 fungi 14 orc knights 14 naga magi 14 two-headed ogres 15 elephants 15 vault sentinels 15 large abominations 15 wolves 15 adders 16 deep elf knights 16 merfolk 16 crocodiles 16 worms 17 dancing weapons 17 ogres 18 naga warriors 18 deep elf priests 18 vampire mosquitoes 19 water moccasins 19 sheep 19 bats 21 deep elf magi 21 centaurs 23 salamanders 25 sea snakes 25 ugly things 26 vault guards 26 orc wizards 27 kobolds 30 yaktaurs 30 deep elf fighters 31 giant frogs 32 spiny frogs 34 flying skulls (Crypt:3) 36 slime creatures 39 orc priests 40 skeletal warriors 43 black mambas 44 blink frogs 48 orc warriors 50 yaks 55 plants 58 nagas 58 river rats 192 orcs
2464 creatures vanquished. The 3-digit Club 192 orcs
192 creatures vanquished.

Action                   |  1- 3 |  4- 6 |  7- 9 | 10-12 | 13-15 | 16-18 | 19-21 | 22-24 || total
-------------------------+-------+-------+-------+-------+-------+-------+-------+-------++-------
Melee: Unarmed           |     7 |       |       |       |       |       |       |       ||     7
       Short sword       |    22 |     1 |     4 |       |       |       |       |       ||    27
       Staff             |       |       |    26 |    48 |   129 |     2 |       |     9 ||   214
       Whip              |       |       |       |     2 |    12 |       |       |       ||    14
       Rod               |       |       |       |       |     1 |       |       |       ||     1
       Katana            |       |       |       |       |       |   183 |   370 |   664 ||  1217
 Fire: Blowgun           |       |       |       |     1 |       |       |       |       ||     1
 Cast: Magic Dart        |    60 |    65 |   176 |   486 |   620 |    13 |     3 |       ||  1423
       Searing Ray       |     3 |    12 |    46 |    91 |    44 |       |       |       ||   196
       Iskenderun's Myst |       |       |     5 |    25 |       |       |       |       ||    30
       Iskenderun's Batt |       |       |    14 |    90 |   106 |       |       |       ||   210
       Mephitic Cloud    |       |       |       |     2 |    14 |       |       |       ||    16
       Fireball          |       |       |       |       |   265 |    88 |    36 |    27 ||   416
       Haste             |       |       |       |       |    24 |     5 |     4 |     4 ||    37
       Stoneskin         |       |       |       |       |     5 |     6 |     2 |     2 ||    15
       Statue Form       |       |       |       |       |     2 |    12 |     5 |     5 ||    24
       Iron Shot         |       |       |       |       |   241 |   369 |   254 |   344 ||  1208
       Regeneration      |       |       |       |       |       |    17 |     9 |    37 ||    63
       Deflect Missiles  |       |       |       |       |       |    11 |     5 |     3 ||    19
       Shatter           |       |       |       |       |       |    52 |   104 |    63 ||   219
       Apportation       |       |       |       |       |       |       |       |    10 ||    10
Evoke: Wand              |       |       |       |     2 |     1 |     1 |     1 |     1 ||     6
       Staff of energy   |       |       |       |       |       |       |       |    58 ||    58
  Use: Scroll            |       |       |     2 |    16 |     8 |    19 |     3 |    18 ||    66
       Potion            |       |       |       |    16 |     7 |     4 |       |     9 ||    36
 Stab: Sleeping          |     2 |       |     1 |       |       |     2 |     2 |       ||     7
       Distracted        |       |       |       |       |       |     1 |       |     2 ||     3
  Eat: Chunk             |     2 |    12 |    19 |    56 |   166 |   128 |    61 |    15 ||   459
       Bread ration      |       |       |       |       |     2 |       |     1 |     2 ||     5
       Royal jelly       |       |       |       |       |       |     1 |     1 |       ||     2
       Meat ration       |       |       |       |       |       |       |     2 |     7 ||     9
       Pizza             |       |       |       |       |       |       |     1 |       ||     1
       Beef jerky        |       |       |       |       |       |       |     1 |       ||     1
